 Dungeon Crawl Stone Soup version 0.21-a0-243-g597973d (webtiles) character file.

29 tidbits the Grave Robber (level 2, -1/20 HPs)
             Began as a Demigod Wanderer on Sept 4, 2017.
             Hit by a javelin thrown by a hobgoblin (5 damage)
             ... on level 2 of the Dungeon.
             The game lasted 00:03:55 (439 turns).

tidbits the Grave Robber (Demigod Wanderer)          Turns: 439, Time: 00:03:56

Health: -1/20      AC:  2    Str: 13    XL:     2   Next: 81%
Magic:  4/6        EV: 11    Int: 19    God:
Gold:   56         SH:  0    Dex: 14    Spells: 1/3 levels left

rFire    . . .     SeeInvis .   a - +0 dagger
rCold    . . .     Gourm    .   (no shield)
rNeg     . . .     Faith    +   d - +0 robe
rPois    +         Spirit   .   (no helmet)
rElec    .         Reflect  .   (no cloak)
rCorr    .         Harm     .   (no gloves)
MR       .....                  (no boots)
Stlth    ++........             l - amulet of faith
HPRegen  0.06/turn              P - ring of poison resistance
MPRegen  0.10/turn              (no ring)

@: no status effects
A: high mp 1
a: no special abilities


You were on level 2 of the Dungeon.
You were not hungry.

You visited 1 branch of the dungeon, and saw 2 of its levels.

You collected 56 gold pieces.

Inventory:

Hand Weapons
 a - a +0 dagger (weapon)
 m - a +0 spear
Missiles
 i - 14 bolts
Armour
 d - a +0 robe (worn)
Jewellery
 l - an amulet of faith (around neck)
   (You found it on level 2 of the Dungeon)
 P - a ring of poison resistance (left hand)
   (You found it on level 1 of the Dungeon)
Scrolls
 j - 2 scrolls of enchant armour {unknown}
 n - 2 scrolls of enchant weapon {unknown}
 q - a scroll of teleportation {unknown}
Potions
 c - a potion of lignification
 g - 2 potions of mutation {unknown}
 h - a potion of degeneration {unknown}
 k - a potion of might {unknown}
Books
 b - Tuif's Reference Book on Companions

   Spells                             Type                      Level
   a - Summon Butterflies             Summoning                    1
   b - Recall                         Summoning/Translocation      3
 e - a book of Necromancy

   Spells                             Type                      Level
   a - Pain                           Necromancy                   1
   b - Animate Skeleton               Necromancy                   1
   c - Vampiric Draining              Necromancy                   3
   d - Regeneration                   Charms/Necromancy            3
   e - Animate Dead                   Necromancy                   4
   f - Control Undead                 Necromancy                   4
Comestibles
 f - a bread ration
 o - a royal jelly
 p - a chunk of flesh


   Skills:
 - Level 1.0 Stealth
 + Level 1.4 Spellcasting
   Level 1.7 Summonings
 * Level 3.5 Necromancy
   Level 1.7 Poison Magic
   Level 1.0 Evocations


You had one spell level left.
You knew the following spells:

 Your Spells              Type           Power        Failure   Level  Hunger
n - Animate Skeleton      Necr           N/A          4%          1    ##.....
z - Pain                  Necr           ##..         4%          1    ##.....


Dungeon Overview and Level Annotations

Branches:
Dungeon (2/15)


Innate Abilities, Weirdness & Mutations

You have an increased reservoir of magic. (+10% MP)


Message History

Found a scroll labeled TELAGIROVANO and a scroll labeled KUEM VOAPSI.
There is an open door here.
A goblin comes into view.
The goblin shouts!
Casting: Pain
Confirm with . or Enter, or press ? or * to list all spells.
Aiming: Pain
Press: ? - help, Shift-Dir - straight line, f - goblin
Aim: a goblin (chance to defeat MR: 85%)
The goblin writhes in agony!
Casting: Pain
Confirm with . or Enter, or press ? or * to list all spells.
Aiming: Pain
Press: ? - help, Shift-Dir - straight line, f/p - goblin
Aim: a goblin (moderately wounded, chance to defeat MR: 85%)
The goblin writhes in agony!
You kill the goblin!
A hobgoblin comes into view. It is wielding a club.
There is an open door here.
You close the door.
All of the chunks of flesh in your inventory have rotted away.
There is an open door here.
There is an escape hatch in the ceiling here.
Okay, then.
A mysterious force pulls you upwards. The hatch slams shut behind you.
A kobold comes into view.
Found four items.
The kobold shouts!
Casting: Pain
Confirm with . or Enter, or press ? or * to list all spells.
Aiming: Pain
Press: ? - help, Shift-Dir - straight line, f - kobold
Aim: a kobold (chance to defeat MR: 85%)
The kobold writhes in agony!
Casting: Pain
Confirm with . or Enter, or press ? or * to list all spells.
Aiming: Pain
Press: ? - help, Shift-Dir - straight line, f/p - kobold
Aim: a kobold (severely wounded, chance to defeat MR: 85%)
The kobold writhes in agony!
You kill the kobold!
Found a stone staircase leading down.
Found a silvery potion.
j - 2 scrolls labeled NASHRO UXZO (gained 1)
h - a large cabochon ring Put on which piece of jewellery? (? for menu, Esc to quit)
h - a ring of poison resistance (left hand) Adjust (i)tems, (s)pells, or (a)bilities?
Huh?
Unknown command.
Adjust (i)tems, (s)pells, or (a)bilities?
Adjust which item? (? for menu, Esc to quit)
h - a ring of poison resistance (left hand) Adjust to which letter? (? for menu, Esc to quit)
P - a ring of poison resistance (left hand)
A bat comes into view.
Casting: Pain
Confirm with . or Enter, or press ? or * to list all spells.
Aiming: Pain
Press: ? - help, Shift-Dir - straight line, f - bat
Aim: a bat (chance to defeat MR: 85%)
The bat writhes in agony!
You kill the bat!
h - a silvery potion You see here a bat corpse.
Casting: Pain
Confirm with . or Enter, or press ? or * to list all spells.
You attempt to give life to the dead...
Before your eyes, flesh is ripped from the corpse!
The dead are flying!
p - a chunk of flesh
Found 6 gold pieces.
There is a stone staircase leading down here.
You climb downwards.
Your mindless thrall stays behind.
A bat comes into view.
There is a stone staircase leading up here.
Casting: Animate Skeleton
Confirm with . or Enter, or press ? or * to list all spells.
Aiming: Pain
Press: ? - help, Shift-Dir - straight line, f - bat
Aim: a bat (resting, chance to defeat MR: 85%)
The bat writhes in agony!
You kill the bat!
You open the door.
Found 12 poisoned needles.
There is an open door here.
You see here 12 poisoned needles.
Found 11 gold pieces.
Found 13 arrows.
You now have 56 gold pieces (gained 11).
q - a scroll labeled KUEM VOAPSI
Casting: Pain
Confirm with . or Enter, or press ? or * to list all spells.
Aiming: Pain
Press: ? - help, Shift-Dir - straight line, f - hobgoblin
Aim: a hobgoblin, wielding a club (hasn't noticed you, chance to defeat MR: 85%)
The hobgoblin shouts!
The hobgoblin writhes in agony!
The hobgoblin throws a javelin.
The javelin hits you.
You die...

#.#.#...............#
#.#.#...............##
#.#.#................#
#.#.#..............#.# .
#.#.#........#######.# g..
#.#.##########
####+###..... #.#.#
#.........?.. #.#
#########...g...####+ #.#
........@.......#
#.###############.####+##
#+#..<.....#....#.#
...........#.##.#.#
.......#####.##.#.# #
.......'..(...#.#.######.#
.......#####..#.#.#......##
.......# #....#........(.
.......# #..#...........#


You could see a hobgoblin.

Vanquished Creatures
  An adder (D:2)
  4 bats
  2 giant cockroaches
  3 goblins
  2 hobgoblins (D:1)
  A jackal (D:1)
  2 kobolds
  3 rats
18 creatures vanquished.

Notes
Turn   | Place    | Note
-------+----------+-------------------------------------------
     0 | D:1      | tidbits the Demigod Wanderer began the quest for the Orb.
     0 | D:1      | tidbits set off with: a book of Necromancy, Tuif's Reference Book on Companions, a potion of lignification, a +0 robe, a +0 dagger, a bread ration
     0 | D:1      | Reached XP level 1. HP: 14/14 MP: 4/4
     2 | D:1      | Identified Tuif's Reference Book on Companions
     4 | D:1      | Learned a level 1 spell: Pain
     6 | D:1      | Learned a level 1 spell: Animate Skeleton
   142 | D:1      | Reached skill level 3 in Necromancy
   205 | D:1      | Reached XP level 2. HP: 8/20 MP: 0/6
   439 | D:2      | Hit by a javelin thrown by a hobgoblin

Vault maps used:
D:1:      minmay_arrival_arboretum_small, serial_bayou_lagoon_a, feat_on_display
D:2:      nicolae_gozag_cash_rules_everything_around_me

Skill      XL: |  1 |
---------------+----+-----
Necromancy     | 3 |  3.5
Stealth        | |  1.0
Spellcasting   | |  1.4
Summonings     | |  1.7
Poison Magic   | |  1.7
Evocations     | |  1.0

Action                   || total
-------------------------++-------
Melee: Dagger            ||    12
 Cast: Pain              ||    30
       Animate Skeleton  ||     3
Armor: Robe              ||     1
Dodge: Dodged            ||    12

Table legend:
 A = Spawn XP
 B = Non-spawn XP
 C = Spawn XP percentage of total XP
 D = Spawn monster count
 E = Non-spawn monster count
 F = Spawn count percentage of total count
 G = Total turns spent on level
                    A         B        C        D         E        F      G
               +---------+---------+-------+---------+---------+-------+---------
         Total |       1 |      41 |   2.4 |       1 |      17 |   5.6 |   439
               +---------+---------+-------+---------+---------+-------+---------
           D:1 |       1 |      18 |   5.3 |       1 |      10 |   9.1 |   295
           D:2 |       0 |      23 |   0.0 |       0 |       7 |   0.0 |   144
               +---------+---------+-------+---------+---------+-------+---------

Table legend:
 A = Turns spent in this place as a percentage of turns spent in the entire game.
 B = Non-inter-level travel turns spent in this place as a percentage of non-inter-level travel turns spent in the entire game.
 C = Inter-level travel turns spent in this place as a percentage of turns spent in this place.
 D = Turns resting spent in this place as a percentage of non-inter-level travel turns spent in this place.
 E = Turns spent auto-exploring this place as a percentage of non-inter-level travel turns spent in this place.
 F = Non-inter-level travel turns spent in this place divided by the number of levels of this place that you've seen.
                   A       B       C       D       E      F
               +-------+-------+-------+-------+-------+----------------------
         Total | 100.0 | 100.0 |   0.0 |   0.0 |   0.0 | 219.5
       Dungeon | 100.0 | 100.0 |   0.0 |   0.0 |   0.0 | 219.5
               +-------+-------+-------+-------+-------+----------------------

Table legend:
 A = Kills in this place as a percentage of kills in entire the game.
 B = Kills by you in this place as a percentage of kills by you in the entire game.
 C = Kills by friends in this place as a percentage of kills by friends in the entire game.
 D = Other kills in this place as a percentage of other kills in the entire game.
 E = Experience gained in this place as a percentage of experience gained in the entire game.
 F = Experience gained in this place divided by the number of levels of this place that you have seen.
                   A       B       C       D       E      F
               +-------+-------+-------+-------+-------+----------------------
         Total | 100.0 | 100.0 |   N/A |   N/A | 100.0 |  21.0
       Dungeon | 100.0 | 100.0 |   N/A |   N/A | 100.0 |  21.0
               +-------+-------+-------+-------+-------+----------------------

Vault maps used:
D:1:      minmay_arrival_arboretum_small, serial_bayou_lagoon_a, feat_on_display
D:2:      nicolae_gozag_cash_rules_everything_around_me
